 Dungeon Crawl Stone Soup version 0.32-a0-329-ge6c31236d6 (webtiles) character file.

Game seed: 11561690133156345407

3634 Newt the Fighter (level 10, -6/67 HPs)
             Began as a Gargoyle Fighter on Feb 16, 2024.
             Was a Follower of Okawaru.
             Mangled by a hornet (13 damage)
             ... on level 8 of the Dungeon.
             The game lasted 00:08:41 (7608 turns).

Newt the Fighter (Gargoyle Fighter)                 Turns: 7608, Time: 00:08:41

Health: -6/67      AC: 17    Str: 31    XL:     10   Next: 11%
Magic:  10/10      EV: 10    Int:  8    God:    Okawaru [*.....]
Gold:   323        SH:  5    Dex:  9    Spells: 9/9 levels left

rFire   . . .        z - +2 morningstar (heavy)
rCold   . . .        c - +0 buckler
rNeg    + . .        b - +0 scale mail
rPois   ∞            p - +2 hat
rElec   +            (no cloak)
rCorr   .            (no gloves)
SInv    +            (no boots)
Will    .....        m - amulet of the acrobat Stlth
                     i - +6 ring of strength
HPRegen 0.31/turn    t - ring of see invisible
MPRegen 0.12/turn

%: acrobat
@: no status effects
A: sickness immunity, AC +7, negative energy resistance 1, electricity
resistance, torment resistance 1, petrification resistance
a: Renounce Religion, Heroism


You were on level 8 of the Dungeon.
You worshipped Okawaru.
Okawaru was aware of your devotion.
You visited 1 branch of the dungeon, and saw 8 of its levels.

You collected 375 gold pieces.
You spent 52 gold pieces at shops.

Inventory:

Hand Weapons
 a - a +1 flail
 z - a +2 heavy morningstar (weapon)
Missiles
 w - 2 boomerangs (quivered)
 y - 6 poisoned darts
Armour
 b - a +0 scale mail (worn)
 c - a +0 buckler (worn)
 f - a +0 helmet
 p - a +2 hat (worn)
Jewellery
 e - a +5 ring of evasion
 i - a +6 ring of strength (left hand)
 m - an amulet of the acrobat (around neck)
 t - a ring of see invisible (right hand)
Wands
 v - a wand of paralysis (10)
Scrolls
 g - a scroll of immolation
 h - a scroll of vulnerability
 j - a scroll of teleportation
 k - a scroll of silence
 l - 2 scrolls of poison
 n - a scroll of identify
 q - a scroll of noise
 r - a scroll of amnesia
 u - 2 scrolls of enchant weapon
 x - a scroll of enchant armour
Potions
 d - a potion of brilliance
 o - 2 potions of curing
 s - a potion of lignification {unknown}
 A - a potion of degeneration {unknown}
 B - a potion of haste {unknown}
 C - a potion of attraction {unknown}


   Skills:
 + Level 9.7 Fighting
 - Level 5.0 Maces & Flails
 - Level 9.0 Armour
 * Level 8.7 Shields


You had 9 spell levels left.
You didn't know any spells.
Your spell library contained the following spells:

 Spells                   Type           Power      Damage    Failure   Level
 Cause Fear               Hex            0%         N/A       100%        4
 Ignite Poison            Fire/Alch      0%         N/A       100%        4
 Fireball                 Conj/Fire      0%         3d3       100%        5
 Freezing Cloud           Conj/Ice/Air   0%         6-21      100%        5
 Cigotuvi's Dreadful Rot  Necr/Alch/Air  Unusable   N/A       N/A         2
 Dragon's Call            Summ           Unusable   N/A       N/A         9

Dungeon Overview and Level Annotations

Branches:
Dungeon (8/15)             Temple (0/1) D:7
   Lair: D:8-11

Altars:
Ashenzari
Okawaru
Sif Muna
The Shining One

Shops:
D:5 *


Innate Abilities, Weirdness & Mutations

You are immune to sickness and miasma.
Your stone body is resilient. (AC +7)
You are immune to poison.
You resist negative energy. (rN+)
You are resistant to electric shocks. (rElec)
You are resistant to unholy torment.
You are immune to petrification.


Message History

* * * LOW HITPOINT WARNING * * *
You are too injured to fight recklessly!
You are too injured to fight recklessly!
You are too injured to fight recklessly!
Unknown command.
You closely miss the hornet.
The hornet is heavily wounded.
The hornet stings you but does no damage. x2
The hornet stings you.
* * * LOW HITPOINT WARNING * * *
Unknown command.
You completely miss the hornet.
The hornet is heavily wounded.
The hornet stings you.
* * * LOW HITPOINT WARNING * * *
The hornet stings you but does no damage. x2
Unknown command.
Unknown command.
You barely miss the hornet.
The hornet is heavily wounded.
The hornet stings you!
* * * LOW HITPOINT WARNING * * *
The hornet stings you but does no damage.
The hornet barely misses you.
Unknown command.
Unknown command.
You feel better.
The hornet stings you but does no damage.
The hornet closely misses you.
Unknown command.
You hit the hornet but do no damage.
The hornet is heavily wounded.
You block the hornet's attack. The hornet barely misses you.
Unknown command.
You closely miss the hornet.
The hornet is heavily wounded.
The hornet barely misses you. The hornet stings you!
* * * LOW HITPOINT WARNING * * *
The hornet stings you!
You die...

#....####...#
.. #...
###..).# #...#
. #... ~~~....#
#...# #...
###....####...#
#..[
#....#...#####
###.
#..........<.#
#.
######...###.#
#. ##..# #.###
#. #### #..@#
.... ####y≈≈..#
###. .≈≈.... #.
.~~.~.. #.
~≈~~... #.
~~≈...≈ #
.~~~~.≈ .~~~~.≈


You could see a hornet.

Vanquished Creatures
  Grinder (D:4)
  A shadow (D:8)
  Grum (D:8)
  A water moccasin (D:6)
  2 ogres
  2 orc warriors
  An ice beast (D:7)
  3 wolves (D:8)
  A black bear (D:6)
  A centaur (D:8)
  A phantom (D:6)
  A kobold brigand (D:6)
  2 bullfrogs
  3 scorpions
  8 wights
  5 killer bees (D:8)
  An electric eel (D:7)
  3 howler monkeys
  5 hounds
  6 orc priests
  2 bombardier beetles
  3 jellies
  A sleepcap (D:6)
  Jessica (D:2)
  2 orc wizards
  3 iguanas
  Robin (D:2)
  6 adders
  3 gnolls (D:2)
  2 ufetubi (D:6)
  6 dart slugs
  3 ribbon worms
  21 orcs
  4 endoplasms
  6 giant cockroaches
  15 goblins
  6 hobgoblins
  5 quokkas
  4 ball pythons
  2 bats
  2 frilled lizards
  12 kobolds
  4 rats
163 creatures vanquished.

Vanquished Creatures (others)
  A ball python (D:2)
1 creature vanquished.

Grand Total: 164 creatures vanquished

Notes
Turn   | Place    | Note
-------+----------+-------------------------------------------
     0 | D:1      | Newt the Gargoyle Fighter began the quest for the Orb.
     0 | D:1      | Reached XP level 1. HP: 14/14 MP: 1/1
    95 | D:1      | Reached XP level 2. HP: 18/19 MP: 2/2
   323 | D:1      | Reached XP level 3. HP: 20/24 MP: 3/3
   758 | D:2      | Noticed Robin
   783 | D:2      | Reached XP level 4. HP: 19/29 MP: 4/4
   785 | D:2      | Killed Robin
  1046 | D:2      | Noticed Jessica
  1054 | D:2      | Killed Jessica
  1094 | D:2      | Reached XP level 5. HP: 30/34 MP: 5/5
  1813 | D:3      | Reached skill level 5 in Maces & Flails
  1830 | D:3      | Reached XP level 6. HP: 40/40 MP: 6/6
  1938 | D:3      | You fall into a shaft and drop 3 floors!
  1967 | D:5      | Entered Level 5 of the Dungeon
  1973 | D:5      | Reached skill level 5 in Fighting
  2122 | D:4      | Noticed Grinder
  2132 | D:4      | Paralysed by Grinder for 5 turns
  2140 | D:4      | Killed Grinder
  2141 | D:4      | Reached skill level 5 in Armour
  2141 | D:4      | Reached XP level 7. HP: 17/44 MP: 7/7
  3495 | D:4      | Found a shimmering blue altar of Sif Muna.
  3751 | D:5      | Reached XP level 8. HP: 51/52 MP: 8/8
  3758 | D:5      | Found a glowing golden altar of the Shining One.
  4148 | D:5      | Paralysed by an orc wizard for 2 turns
  4277 | D:5      | Found Uxefyw's General Store.
  4280 | D:5      | Bought a scroll of identify for 26 gold pieces
  4280 | D:5      | Bought a scroll of identify for 26 gold pieces
  5534 | D:6      | Found an iron altar of Okawaru.
  5550 | D:6      | Became a worshipper of Warmaster Okawaru
  5837 | D:7      | Reached XP level 9. HP: 59/59 MP: 9/9
  6079 | D:6      | Reached skill level 5 in Shields
  6186 | D:6      | Reached * piety under Okawaru
  6741 | D:7      | Found a staircase to the Ecumenical Temple.
  6877 | D:8      | Noticed Grum
  6880 | D:8      | Killed Grum
  6903 | D:8      | Reached XP level 10. HP: 6/66 MP: 10/10
  7162 | D:8      | Found a broken altar of Ashenzari.
  7179 | D:8      | Reached ** piety under Okawaru
  7608 | D:8      | Mangled by a hornet

Illustrated notes

Levels and vault maps discovered:
D:1:      denvon_arrival_planthouse, layout_rooms, minmay_misc_feat_square,
          nicolae_kite_square_tiling_tiny
D:2:      layout_basic, lemuel_flame_loot_1, uniq_jessica, uniq_robin
D:3:      layout_basic, dk_noncrumbling_2
D:4:      layout_loops_cross, nicolae_sif_muna_little_library, uniq_grinder
D:5:      layout_layer_cave, mainiacjoe_overflow_24_doors, serial_shops,
          nicolae_shop_real_fake_doors
D:6:      layout_cave_pools, kennysheep_okawaru_gauntlet,
          hangedman_abyss_or_decor_lesser_grid, hex_large
D:7:      layout_cave_pools, minmay_temple_entry_hall, chequers_arboretum,
          lightli_minifort
D:8:      layout_basic, mainiacjoe_overflow_chevrons, lair_entry_dummy,
          serial_rivers, chequers_serial_rivers_micro_d,
          chequers_serial_rivers_small_3, chequers_serial_rivers_small_3,
          chequers_serial_rivers_large_b, chequers_serial_rivers_micro_c,
          grunt_ministairs_11, hangedman_decor_lopped, uniq_grum

Skill      XL: |  1  2  3  4  5  6  7  8  9 |
---------------+----------------------------+-----
Maces & Flails | 3 4 5 |  5.0
Fighting       | 4 5 6 7 9 |  9.7
Armour         | 5 6 9 |  9.0
Shields        | 4 8 |  8.7

Action                     |  1- 3 |  4- 6 |  7- 9 | 10-12 || total
---------------------------+-------+-------+-------+-------++-------
  Melee: Flail             |    79 |    99 |   365 |       ||   543
         Morningstar       |       |       |    20 |    32 ||    52
  Throw: Dart              |       |       |     5 |       ||     5
    Use: Potion            |     2 |     3 |     1 |     2 ||     8
         Scroll            |       |       |    10 |     2 ||    12
 Armour: Scale mail        |    79 |    71 |   371 |    48 ||   569
  Dodge: Dodged            |    32 |    60 |   302 |    38 ||   432
  Block: Buckler           |    19 |    21 |   122 |    16 ||   178

Table legend: (Time is in decaauts)
 A = Elapsed time spent in this place.
 B = Non-inter-level travel time spent in this place.
 C = Inter-level travel time spent in this place.
 D = Time resting spent in this place.
 E = Time spent auto-exploring this place.
 F = Levels seen in this place.
 G = Mean time per level.
                   A        B        C        D        E       F      G
               +--------+--------+--------+--------+--------+-----+--------+
         Total |   7769 |   7557 |    212 |   2119 |   4042 |   8 |  971.1 |
       Dungeon |   7769 |   7557 |    212 |   2119 |   4042 |   8 |  971.1 |
               +--------+--------+--------+--------+--------+-----+--------+

Top non-repeatable levels by time:
     D:6: 1710 daAuts
     D:2: 1035 daAuts
     D:4: 1018 daAuts
     D:7: 955 daAuts
     D:5: 940 daAuts
     D:3: 859 daAuts
     D:1: 641 daAuts
     D:8: 608 daAuts
